 Dungeon Crawl Stone Soup version 0.29.1-15-g9cfb28693d (webtiles) character file.

Game seed: 7417154089178402443

173 hawla the Poker (level 5, 0/70 HPs)
             Began as a Minotaur Berserker on Mar 8, 2023.
             Was a Believer of Trog.
             Slain by a hobgoblin (4 damage)
             ... led by Robin
             ... on level 4 of the Dungeon on Mar 9, 2023.
             The game lasted 00:07:21 (2706 turns).

hawla the Poker (Minotaur Berserker)                Turns: 2706, Time: 00:07:22

Health: 0/70       AC: 22    Str: 21    XL:     5   Next: 28%
Magic:  4/4        EV:  2    Int:  6    God:    Trog [**....]
Gold:   215        SH:  0    Dex: 10    Spells: 4/4 levels left

rFire   . . .      SeeInvis .   a - +0 spear
rCold   . . .      Faith    .   (no shield)
rNeg    . . .      Spirit   .   (body armour currently unavailable)
rPois   +          Reflect  .   (helmet currently unavailable)
rElec   .          Harm     .   (cloak currently unavailable)
rCorr   .          Rampage  .   (gloves currently unavailable)
Will    ++...      NoTele   +   (boots currently unavailable)
Stlth   ++........              (no amulet)
HPRegen 1.21/turn               (no ring)
MPRegen 0.09/turn               (no ring)

@: tree-form, strong-willed, regenerating, hasted, very quick
A: stationary, stasis, torment immunity, boosted hp, (horns 2), (retaliatory
headbutt)
a: Renounce Religion, Berserk, Trog's Hand


You were on level 4 of the Dungeon.
You worshipped Trog.
Trog was pleased with you.
You were a tree.
You visited 1 branch of the dungeon, and saw 4 of its levels.

You collected 215 gold pieces.

Inventory:

Hand Weapons
 a - a +0 spear (weapon)
Armour
 f - a +0 cloak (melded)
 o - a +1 pair of gloves (melded)
 p - a +0 ring mail (melded)
Scrolls
 b - a scroll of magic mapping {unknown}
 d - a scroll of teleportation {unknown}
 g - a scroll of enchant armour {unknown}
 h - 2 scrolls of noise {unknown}
 i - 4 scrolls of identify
 k - 2 scrolls of fear {unknown}
 m - a scroll of enchant weapon {unknown}
 n - a scroll of vulnerability {unknown}
Potions
 c - a potion of might
 j - a potion of mutation
 l - a potion of lignification


   Skills:
 + Level 4.3 Fighting
 + Level 5.1 Polearms
 + Level 3.0 Armour
 + Level 3.3 Dodging
 + Level 1.9 Stealth


You had 4 spell levels left.
You didn't know any spells.
Your spell library was empty.

Dungeon Overview and Level Annotations

Branches:
Dungeon (4/15)
 Temple: D:4-7

Altars:
Sif Muna


Innate Abilities, Weirdness & Mutations

You are a tree.
Your roots penetrate the ground, keeping you stationary.
You cannot be teleported.
You are immune to unholy pain and torment.
Your maximum health is greatly increased.
Your equipment is partially melded.
((You have a pair of horns on your head.))
((You reflexively headbutt those who attack you in melee.))


Message History

It was a potion of haste.
You feel yourself speed up.
The hobgoblin no longer looks unusually strong. x2
The hobgoblin hits you but does no damage.
The goblin hits you but does no damage. The hobgoblin completely misses you.
The goblin barely misses you.
The hobgoblin hits you but does no damage.
You barely miss the hobgoblin.
Unknown command.
Your skin crawls.
You feel strong-willed.
The hobgoblin hits you but does no damage.
The goblin hits you but does no damage.
The hobgoblin hits you but does no damage. x2
The goblin hits you but does no damage.
You hit the hobgoblin.
The hobgoblin is almost dead.
The hobgoblin hits you.
* * * LOW HITPOINT WARNING * * *
The goblin completely misses you.
The hobgoblin hits you but does no damage. x2
The goblin hits you but does no damage.
You hit the hobgoblin but do no damage.
The hobgoblin is almost dead.
Unknown command.
You puncture the hobgoblin!
You kill the hobgoblin!
Trog accepts your kill. The goblin hits you with a +0 dagger.
* * * LOW HITPOINT WARNING * * *
The hobgoblin hits you but does no damage.
The goblin hits you but does no damage.
Your Armour skill increases to level 3!
You hit the goblin.
The goblin is heavily wounded.
You barely miss the goblin.
The goblin is heavily wounded.
An endoplasm comes into view.
The hobgoblin hits you but does no damage.
The goblin hits you but does no damage. The hobgoblin hits you.
You die...

.........#
#<..#####.J.
##..)........
#....######.#
#.#.#######.#######.
#.#.......#....?...#
#.#######.#........#
#. #.#)gg.....# #.
#.#)♣g......
#.#)gg.....#
#.#.))..)..#
#.#?†......#
#.#.###.#### ##.#.##
.# #.....# #
..............#
...........####


You could see an endoplasm (wandering), 2 hobgoblins and 3 goblins.

Vanquished Creatures
  3 orc wizards (D:3)
  Robin (D:4)
  2 adders
  2 worms (D:3)
  2 dart slugs
  3 orcs (D:3)
  3 endoplasms
  3 giant cockroaches
  6 hobgoblins
  4 jackals (D:2)
  5 kobolds
  3 quokkas (D:2)
  5 ball pythons
  8 bats
  2 frilled lizards
  10 goblins
  9 rats
71 creatures vanquished.

Notes
Turn   | Place    | Note
-------+----------+-------------------------------------------
     0 | D:1      | hawla the Minotaur Berserker began the quest for the Orb.
     0 | D:1      | Reached XP level 1. HP: 19/19 MP: 0/0
   562 | D:1      | Reached XP level 2. HP: 27/27 MP: 1/1
   879 | D:2      | Found a faded altar of an unknown god.
   901 | D:2      | Reached skill level 4 in Polearms
  1023 | D:2      | Reached XP level 3. HP: 33/33 MP: 2/2
  1321 | D:2      | Reached ** piety under Trog
  1739 | D:3      | Reached skill level 1 in Stealth
  1832 | D:3      | Reached XP level 4. HP: 40/40 MP: 3/3
  2024 | D:3      | Reached XP level 5. HP: 16/46 MP: 4/4
  2421 | D:3      | Found a shimmering blue altar of Sif Muna.
  2487 | D:3      | Reached skill level 5 in Polearms
  2675 | D:4      | Noticed Robin
  2688 | D:4      | Killed Robin
  2704 | D:4      | HP: 3/70 [goblin/+0 dagger[Robin] (3)]
  2706 | D:4      | Slain by a hobgoblin

Illustrated notes

Levels and vault maps discovered:
D:1:      ebering_hopf_link, layout_basic, hangedman_decor_points, fountainhead
D:2:      layout_loops_cross, ebering_ecumenical_altar_sacrificial,
          hangedman_abyss_or_decor_stabs
D:3:      layout_loops_cross, kennysheep_orc_sif_temple, due_unseen_surprise
D:4:      layout_loops_ring, minmay_temple_entry_slanted,
          minmay_goblin_kobold_house, uniq_robin

Skill      XL: |  1  2  3  4  5 |
---------------+----------------+-----
Fighting       | 4 |  4.3
Polearms       | 4 5 |  5.1
Stealth        | 1 |  1.9
Dodging        | 3 |  3.3
Armour         | 3 |  3.0

Action                   |  1- 3 |  4- 6 || total
-------------------------+-------+-------++-------
Melee: Spear             |   139 |    89 ||   228
       Headbutt          |     8 |     6 ||    14
       Punch             |     1 |     1 ||     2
Invok: Trog's Hand       |       |     1 ||     1
  Use: Potion            |       |     4 ||     4
       Scroll            |       |     1 ||     1
 Stab: Sleeping          |     5 |       ||     5
Armor: Animal skin       |    23 |       ||    23
       Ring mail         |     9 |    33 ||    42
       Skin              |       |    55 ||    55
Dodge: Dodged            |    49 |    36 ||    85
